 Dungeon Crawl Stone Soup version 0.32-a0-643-ga006e7742e (webtiles) character file.

Game seed: 8764015134259854854

228 IdlyInterested the Cutter (level 5, -5/39 HPs)
             Began as a Demonspawn Gladiator on Mar 7, 2024.
             Slain by a gnoll bouda
             ... wielding a +0 whip
              (10 damage)
             ... on level 4 of the Dungeon.
             The game lasted 00:11:23 (2902 turns).

IdlyInterested the Cutter (Demonspawn Gladiator)    Turns: 2902, Time: 00:11:24

Health: -5/39      AC:  8    Str: 14    XL:     5   Next: 70%
Magic:  5/5        EV:  9    Int:  8    God:
Gold:   85         SH:  8    Dex: 17    Spells: 4/4 levels left

rFire   . . .        z - +0 dagger (venom)
rCold   + . .        o - +0 kite shield
rNeg    . . .        D - +0 ring mail
rPois   .            c - +0 helmet
rElec   .            (no cloak)
rCorr   .            (no gloves)
SInv    .            (no boots)
Will    .....        (no amulet)
Stlth   +            t - ring of protection from cold
HPRegen 0.26/turn    (no ring)
MPRegen 0.09/turn

%: no passive effects
@: studying Short Blades
A: rugged brown scales 2, ignite blood 2
a: no special abilities


You were on level 4 of the Dungeon.
You visited 1 branch of the dungeon, and saw 4 of its levels.

You collected 160 gold pieces.
You spent 75 gold pieces at shops.

Inventory:

Hand Weapons
 a - a +0 long sword
 k - a +1 dagger of pain
 q - a +0 short sword of freezing
 z - a +0 dagger of venom (weapon)
 C - a +0 falchion
Missiles
 d - 3 throwing nets
 e - a javelin
 n - 4 boomerangs (quivered)
Armour
 b - a +0 leather armour
 c - a +0 helmet (worn)
 o - a +0 kite shield (worn)
 x - a +0 chain mail
 D - a +0 ring mail (worn)
Magical Staves
 B - a staff of fire
Jewellery
 t - a ring of protection from cold (left hand)
Wands
 l - a wand of charming (3)
Scrolls
 g - a scroll of fear {unknown}
 h - a scroll of enchant armour {unknown}
 i - 4 scrolls of revelation
 j - a scroll of blinking {unknown}
 r - a scroll of amnesia {unknown}
 s - a scroll of torment {unknown}
 y - a scroll of noise {unknown}
Potions
 f - a potion of invisibility {unknown}
 m - a potion of enlightenment {unknown}
 p - 2 potions of curing
 u - a potion of ambrosia {unknown}
 v - a potion of attraction {unknown}
 w - a potion of mutation {unknown}
 A - a potion of brilliance {unknown}


   Skills:
 - Level 2.0 Fighting
 * Level 5.5(5.9) Short Blades
 - Level 3.0(4.7) Long Blades
 - Level 2.0 Throwing
 + Level 1.2 Armour
 - Level 3.0 Dodging
 - Level 1.0 Stealth
 - Level 1.0 Shields
 - Level 1.0 Evocations


You had 4 spell levels left.
You didn't know any spells.
Your spell library contained the following spells:

 Spells                   Type           Power      Damage    Failure   Level
 Cigotuvi's Dreadful Rot  Necr/Alch/Air  0%         N/A       99%         2
 Jinxbite                 Hex            0%         N/A       99%         2
 Ignite Poison            Fire/Alch      0%         N/A       100%        4
 Freezing Cloud           Conj/Ice/Air   0%         6-21      100%        5
 Yara's Violent Unravell  Hex/Alch       0%         3d3       100%        5
 Enfeeble                 Hex            0%         N/A       100%        7


Dungeon Overview and Level Annotations

Branches:
Dungeon (4/15)
 Temple: D:4-7

Altars:
Vehumet

Shops:
D:3 *?[:!


Innate Abilities, Weirdness & Mutations

You are mostly covered in rugged brown scales. (AC +2, +5% HP)
Your demonic aura often causes spilled blood to erupt in flames.


Message History

You hit the gnoll.
The gnoll looks as sick as possible!
The gnoll is heavily wounded.
The gnoll barely misses you. You block the gnoll's attack.
The gnoll bouda hits you with a +0 whip.
You hit the gnoll.
You kill the gnoll!
The gnoll hits you from afar with a +0 spear.
You block the gnoll bouda's attack.
You hit the gnoll bouda but do no damage.
The gnoll bouda is poisoned.
You block the gnoll's attack.
The gnoll is no longer moving quickly.
You block the gnoll's attack.
The gnoll bouda hits you with a +0 whip.
You hit the gnoll.
The gnoll is poisoned.
The gnoll is lightly wounded.
The gnoll barely misses you.
The gnoll bouda hits you but does no damage.
You hit the gnoll but do no damage.
The gnoll is lightly wounded.
You block the gnoll's attack. The gnoll bouda barely misses you.
You hit the gnoll but do no damage.
The gnoll looks as sick as possible!
The gnoll is lightly wounded.
The gnoll hits you with a +0 spear.
* * * LOW HITPOINT WARNING * * *
You hit the gnoll.
The gnoll looks as sick as possible!
The gnoll is moderately wounded.
The gnoll bouda hits you with a +0 whip.
* * * LOW HITPOINT WARNING * * *
The gnoll barely misses you.
You hit the gnoll.
The gnoll looks as sick as possible!
The gnoll is moderately wounded.
The gnoll bouda barks out a call to the hunt!
The gnoll picks up the pace!
You barely miss the gnoll.
The gnoll is heavily wounded.
The gnoll barely misses you. You block the gnoll bouda's attack.
You barely miss the gnoll.
The gnoll is heavily wounded.
You block the gnoll's attack.
The gnoll bouda hits you with a +0 whip!
You die...

#.. #..# #...
#... #... #...
#..g### #.@g##
###..# .(
##.#####....
###..........
###...#.#.#...
#.......#
#.#####.# ..
#.......# #.#
#.#####.# ...


You could see a gnoll bouda (poisoned) and a gnoll (swift, extremely poisoned).

Vanquished Creatures
  3 orc priests (D:3)
  Jessica (D:2)
  2 gnolls (D:4)
  An adder (D:3)
  2 shadow imps (D:3)
  A dart slug (D:3)
  7 orcs (D:3)
  3 endoplasms
  A giant cockroach (D:1)
  7 goblins
  7 hobgoblins
  3 jackals (D:3)
  9 kobolds
  4 quokkas
  6 ball pythons
  A frilled lizard (D:2)
  4 rats
62 creatures vanquished.

Notes
Turn   | Place    | Note
-------+----------+-------------------------------------------
     0 | D:1      | IdlyInterested the Demonspawn Gladiator began the quest for
                  | the Orb.
     0 | D:1      | Reached XP level 1. HP: 16/16 MP: 1/1
   230 | D:1      | Gained mutation: You are partially covered in rugged brown
                  | scales. (AC +1, +3% HP) [demonic ancestry]
   230 | D:1      | Reached XP level 2. HP: 16/22 MP: 2/2
   972 | D:2      | Noticed Jessica
   980 | D:2      | Killed Jessica
   981 | D:2      | Reached skill level 2 in Short Blades
   981 | D:2      | Reached skill level 1 in Armour
   981 | D:2      | Gained mutation: Your demonic aura sometimes causes spilled
                  | blood to erupt in flames. [demonic ancestry]
   981 | D:2      | Reached XP level 3. HP: 27/27 MP: 3/3
  1498 | D:3      | Found Webagi Oxza's General Store.
  1603 | D:3      | Found Hauw's Antique Armour Emporium.
  1627 | D:3      | Found Xuquuth's Magic Scroll Boutique.
  1674 | D:3      | Reached skill level 3 in Short Blades
  1674 | D:3      | Gained mutation: Your demonic aura often causes spilled
                  | blood to erupt in flames. [demonic ancestry]
  1674 | D:3      | Reached XP level 4. HP: 33/33 MP: 4/4
  1675 | D:3      | Found a transporter.
  1781 | D:3      | Found a transporter.
  2241 | D:3      | Found Neewkyn's Book Boutique.
  2341 | D:3      | Found Toewikk's Distillery.
  2383 | D:3      | Found a radiant altar of Vehumet.
  2480 | D:3      | Reached skill level 1 in Shields
  2762 | D:3      | Reached skill level 4 in Short Blades
  2762 | D:3      | Reached skill level 1 in Evocations
  2764 | D:3      | Gained mutation: You are mostly covered in rugged brown
                  | scales. (AC +2, +5% HP) [demonic ancestry]
  2764 | D:3      | Reached XP level 5. HP: 30/39 MP: 5/5
  2772 | D:3      | Reached skill level 5 in Short Blades
  2772 | D:3      | Reached skill level 1 in Stealth
  2855 | D:3      | Bought a scroll of revelation for 75 gold pieces
  2902 | D:4      | Slain by a gnoll bouda

Illustrated notes

Levels and vault maps discovered:
D:1:      spicycebolla_arrival_transporter_tutorial, layout_loops_ring
D:2:      layout_loops_ring, uniq_jessica
D:3:      gammafunk_wand_slinger, layout_loops_corners, lemuel_round_altar,
          elyvilon_altar_5, serial_shops, nicolae_shop_statue_plus,
          nicolae_shop_stone, shop, nicolae_book_shop_shelving,
          nicolae_shop_industrial_runoff, dk_noncrumbling_2,
          guppyfry_early_orc_mine
D:4:      black_bear_nest_1, layout_loops_ring, temple_hall,
          gammafunk_ghost_smash, st_stairs_13, minivault_4,
          minmay_misc_feat_rows, minmay_ruptured

Skill      XL: |  1  2  3  4  5 |
---------------+----------------+-----
Throwing       | 2 |  2.0
Long Blades    | 3 |  3.0
Dodging        | 3 |  3.0
Short Blades   | 2 3 4 5 |  5.5
Armour         | 1 |  1.2
Shields        | 1 |  1.0
Evocations     | 1 |  1.0
Stealth        | 1 |  1.0
Fighting       | |  2.0

Action                     |  1- 3 |  4- 6 || total
---------------------------+-------+-------++-------
  Melee: Long sword        |    54 |       ||    54
         Short sword       |    54 |    41 ||    95
         Dagger            |       |    71 ||    71
  Throw: Stone             |       |    33 ||    33
         Boomerang         |       |     5 ||     5
  Evoke: Wand              |       |     9 ||     9
    Use: Potion            |       |     1 ||     1
   Stab: Sleeping          |     1 |     1 ||     2
 Armour: Leather armour    |    68 |     5 ||    73
         Chain mail        |       |    24 ||    24
         Ring mail         |       |    20 ||    20
  Dodge: Dodged            |    47 |    27 ||    74
  Block: Kite shield       |    24 |    48 ||    72

Table legend: (Time is in decaauts)
 A = Elapsed time spent in this place.
 B = Non-inter-level travel time spent in this place.
 C = Inter-level travel time spent in this place.
 D = Time resting spent in this place.
 E = Time spent auto-exploring this place.
 F = Levels seen in this place.
 G = Mean time per level.
                   A        B        C        D        E       F      G
               +--------+--------+--------+--------+--------+-----+--------+
         Total |   2937 |   2722 |    215 |    235 |   1772 |   4 |  734.2 |
       Dungeon |   2937 |   2722 |    215 |    235 |   1772 |   4 |  734.2 |
               +--------+--------+--------+--------+--------+-----+--------+

Top non-repeatable levels by time:
     D:3: 1355 daAuts
     D:1: 835 daAuts
     D:2: 709 daAuts
     D:4: 38 daAuts
